 Seeded DCSS version 0.32-a0-900-g30fb1b0edc (webtiles) character file.

Game seed: 17073724502869601980 (custom seed)

4876 timneilson the Ruffian (level 10, -5/66 HPs)
             Began as an Octopode Shapeshifter on Apr 5, 2024.
             Was an Initiate of Gozag.
             Shot with an arrow by a centaur warrior (29 damage)
             ... on level 9 of the Dungeon.
             The game lasted 00:20:50 (8415 turns).

timneilson the Ruffian (Octopode Shapeshifter)      Turns: 8415, Time: 00:20:50

Health: -5/66      AC:  5    Str: 17    XL:     10   Next: 50%
Magic:  19/19      EV: 16    Int: 20    God:    Gozag
Gold:   1095       SH:  0    Dex: 17    Spells: 9/9 levels left

rFire   . .          .
                       - Unarmed
rCold   + . .        (no shield)
rNeg    . . .        (helmet currently unavailable)
rPois   .            (no amulet)
rElec   .            d - +6 ring of dexterity
rCorr   +            i - ring "Zoifosai" {rC+ Will+ Slay+3 SInv}
SInv    +            k - ring of resist corrosion
Will    +....        m - ring of see invisible
Stlth   +++++        E - +4 ring of protection
HPRegen 0.31/turn    D - ring of magical power
MPRegen 0.16/turn    G - +6 ring of intelligence
                     (no ring)

%: no passive effects
@: beast-form
A: beast (slay +4), almost no armour, amphibious, 8 rings, camouflage 1,
gelatinous body 1, (nimble swimmer 1), tentacles
a: Begin Untransformation, Renounce Religion, Potion Petition, Call Merchant,
Bribe Branch


You were on level 9 of the Dungeon.
You worshipped Gozag.
Gozag was most pleased with you.
You were a hulking beast.
You visited 2 branches of the dungeon, and saw 10 of its levels.

You collected 1160 gold pieces.
You paid 65 gold pieces to Gozag.

Inventory:

Missiles
 z - 24 poisoned darts (quivered)
 B - 3 throwing nets
 I - a curare-tipped dart
Armour
 l - a +2 hat
Jewellery
 d - a +6 ring of dexterity (left tentacle)
 i - the ring "Zoifosai" (right tentacle) {rC+ Will+ Slay+3 SInv}
   (You acquired it on level 4 of the Dungeon)

   [ring of willpower]

   Slay+3:    It affects your accuracy & damage with ranged weapons and melee
   (+3).
   rC+:       It protects you from cold.
   Will+:     It increases your willpower.
   SInv:      It lets you see invisible.
 k - a ring of resist corrosion (on tentacle)
 m - a ring of see invisible (on tentacle)
 D - a ring of magical power (on tentacle)
 E - a +4 ring of protection (on tentacle)
 G - a +6 ring of intelligence (on tentacle)
Talismans
 b - a beast talisman (active)
 c - a flux talisman
 h - a granite talisman
 p - a dragon-blood talisman
Wands
 n - a wand of roots (21)
 x - a wand of quicksilver (10)
 y - a wand of flame (17)
 F - a wand of mindburst (8)
 H - a wand of charming (4)
Scrolls
 r - 2 scrolls of fear
 u - 2 scrolls of amnesia
 C - a scroll of teleportation
 J - a scroll of noise {unknown}
 K - a scroll of revelation {unknown}
Potions
 a - 3 potions of lignification
 e - a potion of mutation
 f - 2 potions of might
 g - 3 potions of haste {unknown}
 j - 2 potions of curing
 o - a potion of berserk rage
 q - 2 potions of ambrosia {unknown}
 s - a potion of degeneration {unknown}
 t - a potion of magic {unknown}
 v - a potion of enlightenment {unknown}
 w - 2 potions of attraction
 A - a potion of heal wounds {unknown}


   Skills:
 + Level 5.3 Fighting
 * Level 7.5 Dodging
 + Level 7.1 Stealth
 * Level 7.7 Unarmed Combat
 + Level 4.9 Evocations
 * Level 7.2 Shapeshifting


You had 9 spell levels left.
You didn't know any spells.
Your spell library contained the following spells:

 Spells                   Type           Power      Damage    Failure   Level
 Sting                    Conj/Alch      0%         1d3       19%         1
 Mercury Vapours          Alch/Air       0%         N/A       28%         2
 Summon Ice Beast         Ice/Summ       0%         N/A       50%         3
 Volatile Blastmotes      Fire/Tloc      0%         2d10      50%         3
 Fulminant Prism          Conj/Alch      0%         3d5       88%         4
 Iskenderun's Mystic Bla Conj/Tloc 0%             2d3        (+2d1     88%         4
 Olgreb's Toxic Radiance  Alch           0%         N/A       88%         4
 Summon Mana Viper        Hex/Summ       0%         N/A       99%         5
 Monstrous Menagerie      Summ           0%         N/A       100%        7


Dungeon Overview and Level Annotations

Branches:
Dungeon (9/15)             Temple (1/1) D:5
   Lair: D:8-11         Orc: D:9-12

Altars:
Ashenzari
Cheibriados
Dithmenos
Elyvilon
Fedhas
Gozag
Hepliaklqana
Kikubaaqudgha
Makhleb
Nemelex Xobeh
Okawaru
Qazlal
Ru
Sif Muna
Trog
Uskayaw
Vehumet
Wu Jian
Xom
Yredelemnul
Zin
The Shining One

Shops:
D:8 =


Innate Abilities, Weirdness & Mutations

You are a hulking beast.
Your limbs bulge with bestial killing power. (Slay +4)
You cannot wear most types of armour.
You are amphibious.
You can wear up to eight rings at the same time.
Your skin changes colour to match your surroundings (Stealth+).
Your rubbery body absorbs attacks. (AC +1, EV +1)
((You are camouflaged when in or above water. (Stealth+)))
You have tentacles for arms and can constrict up to eight enemies at once.


Message History

a +0 whip; a +0 short sword; 3 stones You now have 1090 gold pieces (gained 14).
z - 24 poisoned darts (gained 5)
Items here: ( ))).
You now have 1095 gold pieces (gained 5).
You see here a +0 dagger.
You see here a +0 dagger.
Items here: ( ))).
Things that are here:
a +0 short sword; 3 stones As you open the door, it creaks loudly!
Found 5 stones.
There is an open door here.
You open the door.
There is an open door here.
There is an open door here.
Found a rapier.
Found a runed hat.
A steam dragon comes into view.
g - 3 white potions (gained 1)
You see here a +1 hat.
A two-headed ogre comes into view.
It is wielding a +0 dire flail and a +0 giant spiked club.
The two-headed ogre shouts in stereo!
You hear a shout!
The two-headed ogre hits you with a +0 dire flail!!
The two-headed ogre barely misses you.
A centaur warrior comes into view.
The centaur warrior wields a +0 orcbow.
The centaur warrior shoots an arrow.
The arrow closely misses you.
The centaur warrior shoots an arrow.
The arrow hits you!
A gnoll sergeant comes into view. It is wielding a +0 spear.
The centaur warrior shoots an arrow.
The arrow hits you!
The centaur warrior shoots an arrow.
The arrow completely misses you.
The centaur warrior shoots an arrow.
The arrow closely misses you.
A wyvern comes into view.
A skeletal warrior comes into view. It is wielding a +0 dire flail.
The centaur warrior shoots an arrow.
The arrow hits you!
The centaur warrior shoots an arrow.
The arrow barely misses you.
The centaur warrior shoots an arrow.
The arrow hits you!!
You die...
Your body crumbles into a pile of gold.

#.......####...# #.###
#.....#....z.k####.
#.....##c..........###
######.............(..
#####................
#...O....#####.......
#....^...#####.......
#...........##.......
#...h.......##.......
#......#....##.......
#(.....#######.......
#......#######.......
#......'.....#.......
#......#####.#.......
#......# #.....#.##
####'###########.#.##
#...........<.....


You could see a skeletal warrior, a centaur warrior and a two-headed ogre.

Vanquished Creatures
  A two-headed ogre (D:9)
  Joseph (D:8)
  5 yaks
  3 water moccasins
  2 orc warriors
  A black bear (D:6)
  An ogre (D:6)
  3 centaurs
  2 phantoms (D:5)
  2 kobold brigands
  2 scorpions (D:5)
  3 bullfrogs
  A gnoll sergeant (D:7)
  3 wights (D:7)
  3 killer bees (D:7)
  4 howler monkeys
  4 hounds
  9 orc priests
  2 gnoll boudas (D:8)
  2 sleepcaps
  3 iguanas
  7 orc wizards
  11 adders
  23 gnolls
  A shadow imp (D:8)
  A white imp (D:7)
  2 ufetubi (D:6)
  3 dart slugs
  40 orcs
  8 endoplasms
  5 giant cockroaches
  8 hobgoblins
  11 jackals
  4 quokkas
  3 ball pythons
  11 bats
  7 frilled lizards
  6 goblins
  22 kobolds
  5 rats
235 creatures vanquished.

Notes
Turn   | Place    | Note
-------+----------+-------------------------------------------
     0 | D:1      | timneilson the Octopode Shapeshifter began the quest for
                  | the Orb.
     0 | D:1      | Reached XP level 1. HP: 13/13 MP: 1/1
   197 | D:1      | Reached XP level 2. HP: 18/18 MP: 2/2
   461 | D:1      | Reached skill level 1 in Stealth
   600 | D:1      | Identified a scroll of acquirement
   600 | D:1      | Acquired a +6 ring of dexterity
   637 | D:2      | You fall into a shaft and drop 2 floors!
   653 | D:4      | Acquired the ring "Zoifosai" {rC+ Will+ Slay+3 SInv}
   685 | D:3      | Reached XP level 3. HP: 19/23 MP: 3/3
   742 | D:3      | Found a radiant altar of Vehumet.
   955 | D:2      | Reached XP level 4. HP: 14/28 MP: 4/4
  2005 | D:3      | Found a faded altar of an unknown god.
  2026 | D:3      | Reached XP level 5. HP: 34/34 MP: 5/5
  3032 | D:3      | Reached XP level 6. HP: 24/39 MP: 6/6
  3427 | D:5      | Entered Level 5 of the Dungeon
  3443 | D:5      | Reached skill level 1 in Evocations
  3620 | D:5      | Noticed a water moccasin
  3629 | D:5      | Killed a water moccasin
  3630 | D:5      | Reached XP level 7. HP: 36/45 MP: 7/7
  3881 | D:5      | Found a staircase to the Ecumenical Temple.
  3898 | Temple   | Entered the Ecumenical Temple
  3917 | Temple   | Became a worshipper of Gozag Ym Sagoz the Greedy
  4028 | D:5      | Reached skill level 5 in Unarmed Combat
  4028 | D:5      | Reached XP level 8. HP: 42/52 MP: 8/8
  4546 | D:6      | Reached skill level 5 in Shapeshifting
  4729 | D:6      | Reached skill level 5 in Dodging
  5469 | D:7      | Reached skill level 5 in Stealth
  5506 | D:7      | Reached XP level 9. HP: 46/58 MP: 9/9
  5632 | D:7      | Found a shimmering blue altar of Sif Muna.
  5645 | D:7      | Found an iron altar of Okawaru.
  5888 | D:7      | Found a broken altar of Ashenzari.
  6797 | D:8      | Noticed Joseph
  6812 | D:8      | Killed Joseph
  6940 | D:8      | Found a stormy altar of Qazlal.
  6940 | D:8      | Found an ornate altar of the Wu Jian Council.
  6941 | D:8      | Found a bloodstained altar of Trog.
  7037 | D:8      | Identified the +5 long sword of Fear {distort, rC+}
  7194 | D:8      | Found Idowidgh's Jewellery Emporium.
  7250 | D:7      | Reached XP level 10. HP: 46/65 MP: 10/10
  7535 | D:8      | Reached skill level 5 in Fighting
  8138 | D:9      | Noticed a two-headed ogre
  8154 | D:9      | Killed a two-headed ogre
  8386 | D:9      | Noticed a two-headed ogre
  8401 | D:9      | Noticed a centaur warrior
  8413 | D:9      | Noticed a skeletal warrior
  8415 | D:9      | Shot with an arrow by a centaur warrior

Illustrated notes

Levels and vault maps discovered:
D:1:      lightli_arrival_windingriver, layout_loops_ring
D:2:      layout_basic, dk_noncrumbling_3
D:3:      layout_loops_corners, mainiacjoe_overflow_boulevard,
          shapermc_ecumenical_altar_gd, minmay_misc_feat_alley, st_stairs_8
D:4:      layout_gridville, lemuel_flame_loot_1
D:5:      layout_basic, minmay_temple_entry_stoned_glass
D:6:      layout_basic, grunt_decor_mini_mirrors
D:7:      layout_loops_cross, mainiacjoe_overflow_six_doors_small,
          lemuel_round_altar, lemuel_blue_sif_altar
D:8:      layout_cave_pools, gammafunk_temple_overflow_claw, serial_shops, shop,
          hangedman_abyss_or_decor_passed, fungi_pond_lemuel, uniq_joseph
D:9:      layout_basic, dpeg_oklobed_lair, minmay_ruined_shrine
Temple:   nicolae_temple_superstar

Skill      XL: |  1  2  3  4  5  6  7  8  9 10 |
---------------+-------------------------------+-----
Stealth        | 1 2 3 4 5 6 7 |  7.1
Dodging        | 3 4 5 6 7 |  7.5
Fighting       | 2 3 4 5 |  5.3
Unarmed Combat | 4 5 7 |  7.7
Shapeshifting  | 4 5 6 7 |  7.2
Evocations     | 1 2 3 4 |  4.9

Action                     |  1- 3 |  4- 6 |  7- 9 | 10-12 || total
---------------------------+-------+-------+-------+-------++-------
  Melee: Unarmed           |    47 |   121 |   179 |    80 ||   427
         Tentacles         |     9 |    15 |    57 |    21 ||   102
         Constrict         |    12 |    29 |    60 |    22 ||   123
         Punch             |     1 |     3 |    13 |     8 ||    25
  Throw: Dart              |       |       |       |     3 ||     3
    Use: Scroll            |     4 |     5 |     7 |     1 ||    17
         Potion            |       |     1 |     2 |       ||     3
   Stab: Sleeping          |    11 |    15 |    13 |       ||    39
         Distracted        |       |     1 |     1 |     1 ||     3
 Armour: Skin              |    18 |    57 |    68 |    41 ||   184
  Dodge: Dodged            |    19 |    73 |   102 |    62 ||   256

Table legend: (Time is in decaauts)
 A = Elapsed time spent in this place.
 B = Non-inter-level travel time spent in this place.
 C = Inter-level travel time spent in this place.
 D = Time resting spent in this place.
 E = Time spent auto-exploring this place.
 F = Levels seen in this place.
 G = Mean time per level.
                   A        B        C        D        E       F      G
               +--------+--------+--------+--------+--------+-----+--------+
         Total |   8395 |   8130 |    265 |   1223 |   4330 |  10 |  839.5 |
       Dungeon |   8356 |   8127 |    229 |   1223 |   4330 |   9 |  928.4 |
        Temple |     38 |      2 |     36 |      0 |      0 |   1 |   38.0 |
               +--------+--------+--------+--------+--------+-----+--------+

Top non-repeatable levels by time:
     D:7: 1433 daAuts
     D:8: 1152 daAuts
     D:6: 1142 daAuts
     D:2: 977 daAuts
     D:3: 944 daAuts
     D:4: 875 daAuts
     D:5: 763 daAuts
     D:1: 618 daAuts
     D:9: 448 daAuts
  Temple: 38 daAuts
